 Dungeon Crawl Stone Soup version 0.31-a0-1074-g0b22e4e0f1 (webtiles) character file.

Game seed: 17639245920339832338

17541 lunkers the Brawler (level 13, -7/133 HPs)
             Began as a Meteoran Shapeshifter on Nov 28, 2023.
             Was the Champion of Jiyva.
             Mangled by a komodo dragon (22 damage)
             ... on level 4 of the Lair of Beasts on Nov 29, 2023.
             The game lasted 00:21:24 (5401 turns).

lunkers the Brawler (Meteoran Shapeshifter)         Turns: 5401, Time: 00:21:24

Health: -7/133     AC:  9    Str: 21    XL:     13   Next: 15%
Magic:  14/14      EV: 17    Int: 13    God:    Jiyva [******]
Gold:   445        SH:  0    Dex: 22    Spells: 12/12 levels left

rFire   + +          .
                       - Unarmed
rCold   . . .        (shield currently unavailable)
rNeg    . . .        i - melded +1 ring mail
rPois   .            (helmet currently unavailable)
rElec   .            (cloak currently unavailable)
rCorr   +            (gloves currently unavailable)
SInv    .            (boots currently unavailable)
Will    ++...        (no amulet)
Stlth   +            k - ring of protection from fire
HPRegen 2.02/turn    C - ring of protection from fire
MPRegen 0.64/turn

%: no passive effects
@: snake-form, glowing
A: constrict, boosted hp, large, sense surroundings 2, otherworldly, glowing,
explore regen, (hooves 1), thin skeletal structure 1, agile 1, strong-willed 1,
wild magic 3
a: Begin Untransformation, Renounce Religion, Oozemancy, Slimify


You were on level 4 of the Lair of Beasts.
You worshipped Jiyva.
Jiyva was exalted by your worship.
You were an enormous anaconda.
You visited 2 branches of the dungeon, and saw 13 of its levels.
You also visited: Sewer and Bailey.

You collected 445 gold pieces.

Inventory:

Hand Weapons
 b - the +10 short sword of Amortisation {antimagic, rPois Will++}
   (You found it on level 2 of the Dungeon)

   rPois:     It protects you from poison Will++: It greatly increases your
   willpower.
Missiles
 v - a curare-tipped dart
 x - 10 javelins
Armour
 a - the +2 robe "Bammoapt" {Harm rElec}
   (You found it on level 5 of the Dungeon)

   rElec:     It insulates you from electricity.
   Harm:      It increases damage dealt and taken.
 i - a +1 ring mail (melded)
Jewellery
 k - a ring of protection from fire (left hand)
 C - a ring of protection from fire (right hand)
 E - a ring of protection from fire
Talismans
 c - a beast talisman
 d - a flux talisman
 f - a blade talisman
 p - a serpent talisman (active)
Wands
 q - a wand of quicksilver (8)
Scrolls
 j - a scroll of fear
 o - a scroll of fog
 u - 2 scrolls of teleportation
 A - 3 scrolls of revelation
 D - a scroll of amnesia
Potions
 e - 4 potions of curing
 g - a potion of might
 h - 2 potions of enlightenment
 l - a potion of berserk rage {unknown}
 m - a potion of magic {unknown}
 n - a potion of haste {unknown}
 r - a potion of brilliance {unknown}
 s - a potion of heal wounds {unknown}
 t - a potion of mutation {unknown}
 w - a potion of lignification
 B - a potion of attraction {unknown}
Miscellaneous
 y - a phantom mirror
 z - a phial of floods


   Skills:
 + Level 9.5 Fighting
 + Level 9.7 Dodging
 * Level 15.8 Unarmed Combat
 + Level 11.0 Shapeshifting


You had 12 spell levels left.
You didn't know any spells.
Your spell library contained the following spells:

 Spells                   Type           Power      Damage    Failure   Level
 Apportation              Tloc           0%         N/A       56%         1
 Foxfire                  Conj/Fire      0%         2x1d4     56%         1
 Necrotise                Necr           0%         1d4       56%         1
 Summon Small Mammal      Summ           0%         N/A       56%         1
 Wereblood                Tmut           0%         N/A       69%         2
 Vhi's Electric Charge    Tloc/Air       0%         N/A       99%         4
 Arcjolt                  Conj/Air       0%         1d10      100%        5
 Plasma Beam              Fire/Air       0%         2x1d10    100%        6
 Starburst                Conj/Fire      0%         6d3       100%        6


Dungeon Overview and Level Annotations

Branches:
Dungeon (9/15) Zot: 1738   Temple (0/1) D:5            Lair (4/5) D:9 Zot: 1643
  Swamp (0/4) Lair:2        Snake (0/4) Lair:3        Sewer (visited)
 Bailey (visited)
  Slime: Lair:4-5       Orc: D:9-12

Altars:
Elyvilon
Sif Muna
Trog
Jiyva

Shops:
D:7 [

Portals:
Abyss: D:6

Annotations:
D:6 2 transporters, pigah's ghost, novice OpSh


Innate Abilities, Weirdness & Mutations

You are an enormous anaconda.
You have a powerful constriction melee attack.
Your maximum health is increased.
Your armour is entirely melded.
You are incapable of wielding weapons or throwing items.
You passively map the area around you.
You are easily found by Zot.
You glow in the dark.
You regain HP and MP as you explore.
((You have large cloven feet.))
You have a somewhat thin skeletal structure. (Dex +2, Stealth+)
You are agile. (Dex +4, Str/Int -1)
You are strong-willed. (Will+)
Your spells are much harder to cast, but much more powerful.


Message History

You kill the basilisk!
Unknown command.
You lash the basilisk! Your grab misses the basilisk.
The basilisk is heavily wounded.
Unknown command.
You body-slam the komodo dragon!!
Your grab misses the komodo dragon.
The komodo dragon is moderately wounded.
The basilisk misses you.
The komodo dragon completely misses you.
Unknown command.
You lash the basilisk! You grab the basilisk.
The basilisk is severely wounded.
You constrict the basilisk. The basilisk closely misses you.
You hit the basilisk.
The basilisk is severely wounded.
You constrict the basilisk. The komodo dragon misses you.
Unknown command.
You body-slam the basilisk!!
You kill the basilisk!
The komodo dragon bites you!!
* * * LOW HITPOINT WARNING * * *
Your Shapeshifting skill increases to level 11!
Unknown command.
You barely miss the komodo dragon. You grab the komodo dragon.
The komodo dragon is moderately wounded.
You constrict the komodo dragon, but do no damage.
The komodo dragon bites you!!
* * * LOW HITPOINT WARNING * * *
You hit the komodo dragon but do no damage.
The komodo dragon is moderately wounded.
You constrict the komodo dragon.
Unknown command.
You hit the komodo dragon.
The komodo dragon is heavily wounded.
You constrict the komodo dragon. The komodo dragon barely misses you.
Unknown command.
You body-slam the komodo dragon!!
The komodo dragon is almost dead.
You constrict the komodo dragon. The komodo dragon bites you!!
You die...

, , ...............#..
,, , ,, ,
.............##...⌠...+
, ,
,......................
,,, ,*
#..........#.......###
, #.....†#..##..⌠...#.#
, *
#......⌠.##...........
..........#......... .
#....⌠.<..lF⌠.>.⌠..⌠. ,
*
##.......S#.........,,
* #...#.⌠..#......., *
* ,, ,
.......####..⌠... *
,,,, ....... #....., ,
, ....... ,*....., * ,
,, ###... , #... , ,* *
#. ** #.. , , #. , , *
** * , **, ,


You could see a komodo dragon and a bullfrog.

Vanquished Creatures
  Erica (Lair:2)
  A bog body (Lair:2)
  4 elephants (Lair:3)
  A torpor snail (Lair:3)
  4 cane toads
  2 rime drakes (Lair:4)
  Psyche (D:8)
  A komodo dragon (Lair:1)
  A hornet (D:8)
  Prince Ribbit (D:6)
  3 polar bears
  4 dream sheep (Lair:3)
  Sigmund (D:3)
  23 yaks
  5 wyverns
  7 basilisks
  5 water moccasins
  2 ice beasts
  8 orc warriors
  A black bear (Lair:3)
  4 wolves (Lair:2)
  An ogre (D:7)
  9 centaurs
  A phantom (D:7)
  4 kobold brigands
  8 bullfrogs
  A wight (D:7)
  3 killer bees (D:8)
  7 howler monkeys
  3 orc priests
  3 hounds
  A sleepcap (D:7)
  3 iguanas
  5 orc wizards
  5 hell rats (Lair:3)
  6 adders
  7 river rats (Sewer)
  3 white imps
  2 worms
  A dart slug (D:4)
  39 orcs
  10 ball pythons
  5 bats
  3 endoplasms (D:1)
  2 giant cockroaches
  4 goblins
  6 hobgoblins
  14 kobolds
  4 quokkas
  4 frilled lizards
  23 rats
267 creatures vanquished.

Vanquished Creatures (collateral kills)
  A komodo dragon (Lair:1)
  A rime drake (Lair:1)
  5 yaks (Lair:1)
  A bullfrog (Lair:1)
8 creatures vanquished.

Vanquished Creatures (others)
  A tarantella (shapeshifter) (D:8)
  A water moccasin (D:6)
  An orc warrior (Bailey)
  A black bear (Lair:1)
  2 centaurs (Bailey)
  2 wights (D:7)
  2 killer bees (D:8)
  20 jellies
  A hound (D:6)
  An orc wizard (D:6)
  An adder (D:5)
  A river rat (D:8)
  2 ufetubi (D:6)
  A dart slug (D:1)
  5 orcs (Bailey)
  2 ball pythons
  2 endoplasms
  A giant cockroach (D:2)
  2 goblins
  3 hobgoblins
  5 kobolds
  2 bats
  2 rats
61 creatures vanquished.

Grand Total: 336 creatures vanquished

Notes
Turn   | Place    | Note
-------+----------+-------------------------------------------
     0 | D:1      | lunkers the Meteoran Shapeshifter began the quest for the
                  | Orb.
     0 | D:1      | Reached XP level 1. HP: 16/16 MP: 2/2
    26 | D:1      | Reached XP level 2. HP: 5/23 MP: 3/3
    37 | D:1      | Reached skill level 4 in Unarmed Combat
   135 | D:1      | Reached XP level 3. HP: 26/28 MP: 4/4
   178 | D:1      | Found a faded altar of an unknown god.
   183 | D:1      | Prayed at the altar of an unknown god.
   183 | D:1      | Became a worshipper of Jiyva Jaocsyck the Shapeless
   183 | D:1      | Reached * piety under Jiyva
   409 | D:2      | Reached skill level 5 in Unarmed Combat
   409 | D:2      | Reached XP level 4. HP: 17/35 MP: 5/5
   413 | D:2      | Reached XP level 5. HP: 22/40 MP: 6/6
   437 | D:2      | Identified the +10 short sword of Amortisation {antimagic,
                  | rPois Will++}
   490 | D:2      | Reached ** piety under Jiyva
   641 | D:2      | Reached skill level 6 in Unarmed Combat
  1061 | D:3      | Noticed Sigmund
  1075 | D:3      | Killed Sigmund
  1076 | D:3      | Reached skill level 7 in Unarmed Combat
  1076 | D:3      | Reached skill level 5 in Shapeshifting
  1076 | D:3      | Reached XP level 6. HP: 43/47 MP: 7/7
  1076 | D:3      | Reached XP level 7. HP: 47/52 MP: 8/8
  1133 | D:3      | Reached *** piety under Jiyva
  1165 | D:3      | Gained mutation: You are strong-willed. (Will+) [Jiyva's
                  | grace]
  1165 | D:3      | Gained mutation: You are highly strong-willed. (Will++)
                  | [Jiyva's grace]
  1165 | D:3      | Gained mutation: You are extremely strong-willed. (Will+++)
                  | [Jiyva's grace]
  1165 | D:3      | Gained mutation: You have a pair of small horns on your
                  | head. [Jiyva's grace]
  1623 | D:5      | Entered Level 5 of the Dungeon
  1649 | D:5      | Reached skill level 8 in Unarmed Combat
  1713 | D:5      | Reached XP level 8. HP: 60/61 MP: 9/9
  1833 | D:5      | Found a glowing drain.
  1837 | Sewer    | Entered a sewer
  1896 | Sewer    | Reached **** piety under Jiyva
  2312 | D:5      | Identified the +2 robe "Bammoapt" {Harm rElec}
  2324 | D:5      | Found a staircase to the Ecumenical Temple.
  2460 | D:6      | Noticed Prince Ribbit
  2470 | D:6      | Killed Prince Ribbit
  2471 | D:6      | Reached skill level 9 in Unarmed Combat
  2471 | D:6      | Gained mutation: You passively map the area around you.
                  | [Meteoran growth]
  2471 | D:6      | Reached XP level 9. HP: 39/71 MP: 10/10
  2504 | D:6      | Found a transporter.
  2504 | D:6      | Noticed a rakshasa
  2505 | D:6      | Found a one-way gate to the infinite horrors of the Abyss.
  2505 | D:6      | Noticed pigah's ghost (novice OpSh)
  2532 | D:6      | Noticed a red devil
  2538 | D:6      | Found a transporter.
  2623 | D:6      | Reached ***** piety under Jiyva
  2687 | D:6      | Lost mutation: You are extremely strong-willed. (Will+++)
                  | [Jiyva's grace]
  2687 | D:6      | Gained mutation: You have acidic saliva. [Jiyva's grace]
  2687 | D:6      | Gained mutation: You are agile. (Dex +4, Str/Int -1)
                  | [Jiyva's grace]
  2687 | D:6      | Gained mutation: You are very agile. (Dex +8, Str/Int -2)
                  | [Jiyva's grace]
  2687 | D:6      | Gained mutation: You have large cloven feet. [Jiyva's
                  | grace]
  2783 | D:6      | Found a bloodstained altar of Trog.
  2790 | D:6      | Found a shimmering blue altar of Sif Muna.
  2794 | D:6      | Got Sif Muna's Octavo of Shapes
  3009 | D:7      | Reached skill level 10 in Unarmed Combat
  3017 | D:7      | Found Veinobui's Armour Shop.
  3115 | D:7      | Reached skill level 5 in Dodging
  3431 | D:8      | Noticed Psyche
  3447 | D:8      | Reached skill level 5 in Fighting
  3473 | D:8      | Found a flagged portal.
  3484 | Bailey   | Entered a bailey
  3554 | Bailey   | Reached XP level 10. HP: 69/81 MP: 11/11
  3655 | Bailey   | Reached skill level 11 in Unarmed Combat
  4012 | D:8      | Reached ****** piety under Jiyva
  4043 | D:8      | Reached skill level 12 in Unarmed Combat
  4191 | D:8      | Killed Psyche
  4426 | D:9      | Reached XP level 11. HP: 90/91 MP: 12/12
  4522 | D:9      | Identified the +2 chain mail "Wis Ofoshi" {Int+3}
  4576 | D:9      | Found a staircase to the Lair.
  4576 | D:9      | Lost mutation: You have a pair of small horns on your head.
                  | [Jiyva's grace]
  4576 | D:9      | Lost mutation: You are very agile. (Dex +8, Str/Int -2)
                  | [Jiyva's grace]
  4576 | D:9      | Lost mutation: You are highly strong-willed. (Will++)
                  | [Jiyva's grace]
  4576 | D:9      | Lost mutation: You have acidic saliva. [Jiyva's grace]
  4576 | D:9      | Gained mutation: Your spells are a little harder to cast,
                  | but a little more powerful. [Jiyva's grace]
  4576 | D:9      | Gained mutation: Your spells are harder to cast, but more
                  | powerful. [Jiyva's grace]
  4576 | D:9      | Gained mutation: Your spells are much harder to cast, but
                  | much more powerful. [Jiyva's grace]
  4576 | D:9      | Gained mutation: You have a somewhat thin skeletal
                  | structure. (Dex +2, Stealth+) [Jiyva's grace]
  4590 | Lair:1   | Entered Level 1 of the Lair of Beasts
  4667 | Lair:1   | Reached skill level 13 in Unarmed Combat
  4757 | Lair:1   | Reached skill level 14 in Unarmed Combat
  4965 | Lair:2   | Reached XP level 12. HP: 101/101 MP: 13/13
  4972 | Lair:2   | Noticed Erica
  4979 | Lair:2   | Noticed a bog body
  4981 | Lair:2   | Killed Erica
  4986 | Lair:2   | Killed a bog body
  4987 | Lair:2   | Reached skill level 10 in Shapeshifting
  5006 | Lair:2   | Found a staircase to the Swamp.
  5073 | Lair:3   | Found a staircase to the Snake Pit.
  5103 | Lair:3   | Found a white marble altar of Elyvilon.
  5181 | Lair:3   | Reached skill level 15 in Unarmed Combat
  5272 | Lair:3   | Reached XP level 13. HP: 111/111 MP: 14/14
  5401 | Lair:4   | Mangled by a komodo dragon

Illustrated notes

Levels and vault maps discovered:
D:1:      dpeg_arrival_arbitrary_c, layout_basic,
          shapermc_ecumenical_altar_mp_urbaneastern, minmay_pentomino_w4
D:2:      layout_loops_cross
D:3:      layout_rooms, minmay_goblin_kobold_house, uniq_sigmund
D:4:      layout_basic
D:5:      layout_rooms, minmay_temple_entry_antechambers,
          mainiacjoe_sewer_entry_somewhere_in_here_2
D:6:      layout_basic, nzn_overflow_gifts_of_might_and_magic,
          gammafunk_ghost_abyssal_escape, uniq_prince_ribbit1
D:7:      layout_basic, serial_shops, nicolae_shop_scrapyard
D:8:      minmay_the_grid_triangle_9x9_rhombus_thin
          [minmay_the_grid_triangle_9x9_semitri,
          minmay_the_grid_triangle_9x9_prize_special,
          minmay_the_grid_triangle_9x9_warning,
          minmay_the_grid_triangle_9x9_odd_lines], layout_cave_pods,
          enter_bailey_2, uniq_psyche
D:9:      layout_basic, kennysheep_mini_moat, minitemple,
          mainiacjoe_overflow_small_starburst, lair_entry_dummy
Lair:1:   layout_layer_cave, portal_ice_cave_entry_ice_simulacra,
          infiniplex_staircase_pool, lemuel_fruit_fields
Lair:2:   layout_regular_city, skrybe_swamp_entry_bodies,
          chequers_serial_rivers_micro_a, uniq_erica
Lair:3:   layout_big_grid, dummy_snake_entry, basic_altar,
          chequers_serial_rivers_large_b, chequers_serial_rivers_small_b,
          minivault_25, grunt_megastairs_2, serial_bayou_shore_b
Lair:4:   layout_gridlike, dpeg_slime_entry_enclosed, grunt_megastairs_3

Skill      XL: |  1  2  3  4  5  6  7  8  9 10 11 12 13 |
---------------+----------------------------------------+-----
Unarmed Combat | 4 5 7 8 9 10 12 14 15 | 15.8
Shapeshifting  | 4 5 6 7 8 9 10 11 | 11.0
Fighting       | 2 3 5 6 8 9 |  9.5
Dodging        | 3 4 5 6 8 9 |  9.7

Action                     |  1- 3 |  4- 6 |  7- 9 | 10-12 | 13-15 || total
---------------------------+-------+-------+-------+-------+-------++-------
  Melee: Unarmed           |    68 |    66 |   245 |   283 |    45 ||   707
         Punch             |     1 |       |     4 |       |       ||     5
         Headbutt          |       |       |     6 |       |       ||     6
         Constrict         |       |       |    47 |    66 |    13 ||   126
    Use: Potion            |     1 |       |       |       |       ||     1
         Scroll            |       |     4 |     6 |     3 |     1 ||    14
 Armour: Animal skin       |    27 |       |       |       |       ||    27
         Skin              |    19 |    30 |   114 |   192 |    18 ||   373
         Ring mail         |     2 |    29 |    41 |       |       ||    72
  Dodge: Dodged            |    42 |    34 |   152 |   220 |    27 ||   475
   Form: Anaconda          |       |       |     1 |       |       ||     1

Table legend: (Time is in decaauts)
 A = Elapsed time spent in this place.
 B = Non-inter-level travel time spent in this place.
 C = Inter-level travel time spent in this place.
 D = Time resting spent in this place.
 E = Time spent auto-exploring this place.
 F = Levels seen in this place.
 G = Mean time per level.
                   A        B        C        D        E       F      G
               +--------+--------+--------+--------+--------+-----+--------+
         Total |   5265 |   5159 |    106 |      0 |   3032 |  15 |  351.0 |
       Dungeon |   3661 |   3560 |    101 |      0 |   2526 |   9 |  406.8 |
          Lair |    756 |    751 |      5 |      0 |    294 |   4 |  189.0 |
         Sewer |    390 |    390 |      0 |      0 |    212 |   1 |  390.0 |
        Bailey |    457 |    457 |      0 |      0 |      0 |   1 |  457.0 |
               +--------+--------+--------+--------+--------+-----+--------+

Top non-repeatable levels by time:
     D:2: 530 daAuts
     D:6: 502 daAuts
     D:7: 465 daAuts
  Bailey: 457 daAuts
     D:8: 441 daAuts
     D:3: 439 daAuts
     D:5: 420 daAuts
   Sewer: 390 daAuts
     D:1: 361 daAuts
  Lair:1: 356 daAuts
     D:4: 271 daAuts
  Lair:3: 254 daAuts
     D:9: 227 daAuts
  Lair:2: 106 daAuts
  Lair:4: 38 daAuts
